 Dungeon Crawl Stone Soup version 0.20.1-1-g8b1a95d (webtiles) character file.

107 LittleSunflower the Skirmisher (level 4, -1/49 HPs)
             Began as an Ogre Monk on Aug 17, 2017.
             Slain by a goblin
             ... wielding a cursed -1 club
             ... led by Robin
              (2 damage)
             ... on level 2 of the Dungeon.
             The game lasted 00:08:03 (2352 turns).

LittleSunflower the Skirmisher (Ogre Monk)          Turns: 2352, Time: 00:08:04

Health: -1/49      AC:  3    Str: 15    XL:     4   Next: 86%
Magic:  4/4        EV: 16    Int: 11    God:
Gold:   60         SH:  0    Dex: 17    Spells: 3/3 levels left

rFire    . . .     SeeInvis .   a - +0 falchion
rCold    . . .     Gourm    .   (no shield)
rNeg     . . .     Faith    .   b - +0 robe
rPois    .         Spirit   .   (helmet restricted)
rElec    .         Reflect  .   (no cloak)
rCorr    .         Harm     .   (gloves unavailable)
MR       .....                  (boots unavailable)
Stlth    +++.......             (no amulet)
Regen    0.2/turn               (no ring)
MPRegen  0.1/turn               (no ring)

@: agile
A: unfitting armour, tough skin 1
a: no special abilities


You were on level 2 of the Dungeon.
You were not hungry.

You visited 1 branch of the dungeon, and saw 2 of its levels.

You collected 60 gold pieces.

Inventory:

Hand Weapons
 a - a +0 falchion (weapon)
 k - a +0 hunting sling
Missiles
 j - 23 sling bullets
 p - 82 stones (quivered)
Armour
 b - a +0 robe (worn)
Jewellery
 q - an uncursed ring of resist corrosion {unknown}
Scrolls
 d - a scroll of noise {unknown}
 e - a scroll of fog {unknown}
 h - 4 scrolls of identify {unknown}
 i - a scroll of magic mapping {unknown}
 o - 2 scrolls of teleportation {unknown}
 r - a scroll of amnesia {unknown}
 s - a scroll of recharging {unknown}
 u - a scroll of blinking {unknown}
Potions
 m - a potion of heal wounds {unknown}
 v - a potion of flight {unknown}
Comestibles
 c - a bread ration
 l - 2 royal jellies
 n - 2 meat rations
 t - 3 chunks of flesh


   Skills:
 + Level 4.7 Fighting
 * Level 3.3 Long Blades
 + Level 3.3 Dodging
 - Level 1.4 Stealth


You had 3 spell levels left.
You didn't know any spells.

Dungeon Overview and Level Annotations

Branches:
Dungeon (2/15)

Altars:


Innate Abilities, Weirdness & Mutations

You are too large for most types of armour.
You have tough skin. (AC +1)


Message History

The hobgoblin hits you but does no damage.
You hit the hobgoblin but do no damage.
The hobgoblin is moderately wounded.
The hobgoblin hits you.
* * * LOW HITPOINT WARNING * * *
You slash the hobgoblin!
You kill the hobgoblin!
The goblin no longer looks unusually strong.
You closely miss the goblin. The goblin closely misses you.
You riposte.
You hit the goblin.
You kill the goblin!
You closely miss the goblin. The goblin misses you.
You barely miss the goblin. The goblin barely misses you.
The goblin hits you with a club.
* * * LOW HITPOINT WARNING * * *
It was a potion of magic.
Magic courses through your body.
It was a potion of agility.
You feel agile all of a sudden. The goblin hits you with a club.
You die...

..≈....).......####..............
≈≈......#.<....#.................
⌠................######.#......##
..≈≈...........########.#.#....#
≈≈..≈..>.....#.####...........##
.(.)≈....###...............#.....
g.≈≈......#...####.........##....
.≈≈.......#.#.###..........######
≈≈≈###...)..#.gg@.#........#
≈≈###.)....###.############# ###
#.)..).....# ##)<......###
#..........# #..........#
#..........# #..........#
#..........#


You could see 2 goblins.

Vanquished Creatures
  Jessica (D:2)
  Robin (D:2)
  3 worms (D:2)
  2 dart slugs (D:1)
  3 leopard geckos
  2 giant cockroaches (D:1)
  10 goblins
  6 hobgoblins
  12 jackals
  3 bats
  2 frilled lizards
  A kobold (D:2)
  3 rats
49 creatures vanquished.

Notes
Turn   | Place    | Note
-------+----------+-------------------------------------------
     0 | D:1      | LittleSunflower the Ogre Monk began the quest for the Orb.
     0 | D:1      | Reached XP level 1. HP: 24/24 MP: 1/1
   275 | D:1      | Reached XP level 2. HP: 27/32 MP: 2/2
   661 | D:1      | Reached XP level 3. HP: 34/39 MP: 3/3
  1619 | D:2      | Noticed Jessica
  1836 | D:2      | Killed Jessica
  1836 | D:2      | Reached XP level 4. HP: 33/49 MP: 4/4
  2133 | D:2      | Noticed Robin
  2334 | D:2      | Killed Robin
  2350 | D:2      | HP: 1/49 [goblin/club[Robin] (4)]
  2352 | D:2      | Slain by a goblin

Skill      XL: |  1  2  3 |
---------------+----------+-----
Dodging        | 3 |  3.3
Long Blades    | 3 |  3.3
Fighting       | |  4.7
Stealth        | |  1.4

Action                   |  1- 3 |  4- 6 || total
-------------------------+-------+-------++-------
Melee: Falchion          |   146 |    61 ||   207
  Use: Potion            |       |     2 ||     2
 Stab: Sleeping          |     1 |       ||     1
  Eat: Chunk             |     3 |     2 ||     5
Armor: Robe              |    47 |    29 ||    76
Dodge: Dodged            |    90 |    61 ||   151
       Rpst.: Falchion   |    31 |    17 ||    48
